 Dungeon Crawl Stone Soup version 0.30.1-9-gdf580d7c3d (webtiles) character file.

Game seed: 4356414325246299320

136916 lonewolfV2 the Cleaver (level 16, -2/144 HPs)
             Began as a Demonspawn Fighter on Oct 25, 2023.
             Was a Priest of Qazlal.
             Killed from afar by an acid blob (3 damage)
             ... with a splash of acid
             ... on level 5 of the Pits of Slime.
             The game lasted 01:05:29 (30233 turns).

lonewolfV2 the Cleaver (Demonspawn Fighter)        Turns: 30233, Time: 01:05:29

Health: -2/144     AC: 19    Str: 28    XL:     16   Next: 67%
Magic:  0/35       EV: 12    Int:  8    God:    Qazlal [***...]
Gold:   1275       SH:  0    Dex: 13    Spells: 15/15 levels left

rFire   + . .        X - +8 war axe "Qeiforghu" {drain, MP+9}
rCold   + + .        F - +2 kite shield {AC+3}
rNeg    . . .        a - +0 plate armour
rPois   +            t - +2 helmet
rElec   +            s - +2 cloak of Loss {rC+}
rCorr   +            n - +0 pair of gloves
SInv    .            (no boots)
Will    +....        p - amulet of faith Stlth
                     o - +4 ring of protection
HPRegen 0.44/turn    w - ring of Iddonkeph {Fly rElec Str+6 Int-4 Stlth-}
MPRegen 0.48/turn

%: guardian spirit, faith
@: confused, about to teleport, resistant (expiring), corroded, flying, studying
Throwing, invisible, unable to drink
A: large bone plates 3, demonic guardian 1, robust 1, magic shield, magic
regeneration, magic link, weakness stinger 2, subdued magic 1, inability to
drink after injury 2
a: Renounce Religion, Upheaval, Elemental Force


You were on level 5 of the Pits of Slime.
You worshipped Qazlal.
Qazlal was most pleased with you.
You visited 3 branches of the dungeon, and saw 25 of its levels.

You collected 1698 gold pieces.
You spent 423 gold pieces at shops.

Inventory:

Hand Weapons
 J - a +2 heavy war axe
 M - the +7 great mace of Wrongful Imprisonment {freeze, Int+4}
   (You found it on level 13 of the Dungeon)

   Int:       It affects your intelligence (+4).
 X - the +8 war axe "Qeiforghu" (weapon) {drain, MP+9}
   (You found it on level 11 of the Dungeon)

   MP:        It affects your magic capacity (+9).
Missiles
 v - 5 throwing nets (quivered)
Armour
 a - a +0 plate armour (worn)
 n - a +0 pair of gloves (worn)
 s - the +2 cloak of Loss (worn) {rC+}
   (You found it on level 4 of the Dungeon)

   rC:        It protects you from cold.
 t - a +2 helmet (worn)
 C - a +1 chain mail
 F - a +2 kite shield of protection (worn)
Jewellery
 c - a +6 ring of intelligence
 f - an amulet of reflection
 i - an amulet of the acrobat
 o - a +4 ring of protection (left hand)
 p - an amulet of faith (around neck)
 w - the ring of Iddonkeph (right hand) {Fly rElec Str+6 Int-4 Stlth-}
   (You bought it in a shop on level 8 of the Dungeon)

   [ring of strength]

   Str:       It affects your strength (+6).
   Int:       It affects your intelligence (-4).
   rElec:     It insulates you from electricity.
   Fly:       It grants you flight.
   Stlth:     It makes you less stealthy.
 A - a ring "Luint" {Fly rF- Int+4 Stlth+}
   (You found it on level 7 of the Dungeon)

   [ring of flight]

   Int:       It affects your intelligence (+4).
   rF:        It makes you vulnerable to fire.
   Fly:       It grants you flight.
   Stlth:     It makes you more stealthy.
 N - a ring of resist corrosion
 O - a ring of positive energy
 Q - a ring of protection from fire
Wands
 h - a wand of flame (38)
 x - a wand of acid (17)
 y - a wand of digging (10)
 I - a wand of roots (10)
 U - a wand of charming (28)
Scrolls
 l - 13 scrolls of teleportation
 m - 9 scrolls of identify
 r - 4 scrolls of fear
 u - 4 scrolls of amnesia
 P - a scroll of poison
 S - 5 scrolls of magic mapping
 W - a scroll of brand weapon
 Y - a scroll of enchant armour
Potions
 d - 3 potions of haste
 e - 7 potions of flight
 g - 5 potions of mutation
 j - 5 potions of attraction
 k - 5 potions of degeneration
 z - 3 potions of might
 G - a potion of resistance
 K - 4 potions of brilliance
 T - 5 potions of lignification
Miscellaneous
 D - a phantom mirror
 V - a lightning rod (2/4)


   Skills:
 - Level 13.2 Fighting
 - Level 14.0 Axes
 + Level 12.7 Armour
 + Level 12.6 Dodging
 + Level 10.1 Shields
 - Level 13.6 Invocations


You had 15 spell levels left.
You didn't know any spells.
Your spell library contained the following spells:

 Spells                   Type           Power      Damage    Failure   Level
 Beastly Appendage        Tmut           0%         N/A       99%         1
 Magic Dart               Conj           0%         1d3       99%         1
 Necrotise                Necr           0%         1d4       99%         1
 Summon Small Mammal      Summ           0%         N/A       99%         1
 Lesser Beckoning         Tloc           0%         N/A       100%        2
 Searing Ray              Conj           0%         2d4       100%        2
 Wereblood                Tmut           0%         N/A       100%        2
 Call Canine Familiar     Summ           0%         N/A       100%        3
 Gell's Gravitas          Tloc           0%         N/A       100%        3
 Inner Flame              Hex/Fire       0%         N/A       100%        3
 Ozocubu's Armour         Ice            0%         N/A       100%        3
 Spider Form              Tmut/Pois      0%         N/A       100%        3
 Summon Guardian Golem    Hex/Summ       0%         N/A       100%        3
 Teleport Other           Tloc           0%         N/A       100%        3
 Vampiric Draining        Necr           0%         2d6       100%        3
 Vhi's Electric Charge    Tloc/Air       0%         N/A       100%        3
 Fulminant Prism          Conj/Hex       0%         3d5       100%        4
 Leda's Liquefaction      Hex/Erth       0%         N/A       100%        4
 Agony                    Necr           0%         N/A       100%        5
 Arcjolt                  Conj/Air       0%         1d10      100%        5
 Lee's Rapid Deconstruct  Erth           0%         3d4*      100%        5
 Metabolic Englaciation   Hex/Ice        0%         N/A       100%        5
 Yara's Violent Unravell  Hex/Tmut       0%         3d3       100%        5
 Eringya's Noxious Bog    Tmut/Pois      0%         N/A       100%        6
 Simulacrum               Ice/Necr       0%         N/A       100%        6
 Statue Form              Tmut/Erth      0%         N/A       100%        6
 Enfeeble                 Hex            0%         N/A       100%        7
 Orb of Destruction       Conj           0%         9d5       100%        7
 Spellforged Servitor     Conj/Summ      0%         N/A       100%        7
 Maxwell's Capacitive Co  Air            0%         ∞         100%        8


Dungeon Overview and Level Annotations

Branches:
Dungeon (15/15)            Temple (0/1) D:6            Lair (5/5) D:11
 Shoals (0/4) Lair:3       Spider (0/4) Lair:3        Slime (5/5) Lair:5
    Orc (0/2) D:12         Vaults (0/5) D:13         Depths (0/4) D:15

Altars:
Ashenzari
Cheibriados
Hepliaklqana
Kikubaaqudgha
Nemelex Xobeh
Qazlal
Ru
Sif Muna
Uskayaw
Wu Jian
Xom
Jiyva

Shops:
D:3 *   D:8 =   D:10 :   D:15 =

Annotations:
D:8 2 runed translucent doors, fag's ghost, novice DECj
Slime:5 Royal Jelly


Innate Abilities, Weirdness & Mutations

You are completely covered in large bone plates. (SH +8)
A weak demonic guardian rushes to your aid.
You are robust. (+10% HP)
When hurt, damage is shared between your health and your magic reserves.
You regenerate magic rapidly.
When low on magic, you restore magic in place of health.
You have a tail ending in a sharp stinger.
Your spells are a little easier to cast, but a little less powerful.
You sometimes lose the ability to drink potions when taking damage.


Message History

You barely miss the rockslime.
The acid blob seems less drained.
You barely miss the golden eye.
Your tail-slap misses the golden eye.
You hit the rockslime but do no damage. You drain the rockslime.
The rockslime hits you but does no damage.
Your ice devil misses the golden eye.
The golden eye blinks!
The rockslime hits you!
* * * LOW HITPOINT WARNING * * *
You hold your ground!
You bump into the rune-carved stone wall.
The rockslime hits you!
* * * LOW HITPOINT WARNING * * *
You hold your ground!
Okay, then.
Found a wand of flame (11).
The rockslime hits you but does no damage.
You bump into the rune-carved stone wall.
You feel less confused.
The rockslime hits you but does no damage.
Blink to where?
Press: ? - help, Q - select action, (/) - cycle Dir - move target An acid blob comes into view.
As you read the scroll of blinking, it crumbles to dust.
An acid blob comes into view.
The golden eye blinks at you. The shining eye gazes at you.
Strange energies course through your body.
You lose the ability to drink potions when taking damage more often.
The acid blob spits acid at you. You block the splash of acid.
As you read the scroll of teleportation, it crumbles to dust.
You feel strangely unstable. The golden eye blinks at you.
The acid blob spits acid at you. The splash of acid hits you! You resist.
* * * LOW HITPOINT WARNING * * *
The golden eye blinks at you.
You are confused.
You're too confused to move!
You start to feel less resistant.
The acid blob spits acid at you. The splash of acid hits you! You resist.
You die...

...............
...............
............... .
...............
........................
........................
........................
..............J§@.......
..........J.....G.......
.J.......JJ..JJ.........
J...........JJ..........
JJJ.§J.G.JG.....J.......
§.§.JE.....JJ...........
J..°....###.####........
J....######J# ##.J.....
.....# #§4# .......


You could see 8 acid blobs, 4 azure jellies, a rockslime (drained), a shining
eye, a quicksilver ooze and a golden eye.

Vanquished Creatures
  11 acid blobs
  7 azure jellies
  7 rockslimes
  A caustic shrike zombie (D:15)
  A quicksilver ooze (Slime:4)
  Snorg (Lair:5)
  A spriggan zombie (D:15)
  3 great orbs of eyes
  5 hydras
  4 vault guards (D:13)
  A boulder beetle (Lair:3)
  2 ogre magi
  5 tengu warriors
  8 centaur warriors
  A merfolk avatar (Lair:5)
  A catoblepas (D:14)
  14 death yaks
  9 two-headed ogres
  Urug (Lair:3)
  A vampire mage (D:14)
  Sonja (Lair:2)
  4 skysharks
  10 skeletal warriors
  A golden dragon zombie (D:15)
  A spark wasp zombie (D:15)
  2 sea snakes (Lair:5)
  3 harpies (Lair:5)
  3 deep elf pyromancers
  A lindwurm (Lair:5)
  A wolf spider (D:15)
  Pikel (D:6)
  An orc knight (D:15)
  A necromancer (D:15)
  2 shining eyes
  14 ugly things
  A cyclops (D:12)
  2 manticores
  3 elephants (Lair:5)
  2 torpor snails (Lair:2)
  9 black mambas
  4 eyes of devastation
  2 gargoyles
  11 cane toads
  5 komodo dragons
  Maggie (D:10)
  2 unseen horrors
  5 rime drakes
  A kobold demonologist (D:11)
  A tengu conjurer (D:14)
  A meliai (shapeshifter) (D:14)
  3 wind drakes
  6 trolls
  2 hornets
  A polar bear (Lair:1)
  19 blink frogs
  9 dream sheep
  A jumping spider (Lair:3)
  44 slime creatures
  A jumping spider (shapeshifter) (D:14)
  9 wyverns
  4 wraiths
  29 yaks
  A vampire (D:14)
  3 vampire mosquitoes (D:13)
  6 humans (D:13)
  A redback (Lair:3)
  5 basilisks
  Eustachio (D:5)
  5 steam dragons
  Menkaure (D:4)
  12 water moccasins
  2 acid dragons
  5 orc warriors
  A sky beast (D:8)
  3 ice beasts
  4 black bears
  3 ogres
  18 wolves
  15 centaurs
  2 phantoms
  2 kobold brigands
  13 bullfrogs
  A scorpion (D:5)
  10 wights (D:6)
  7 electric eels
  8 howler monkeys
  3 jellies
  4 hounds
  7 orc priests
  A sleepcap (D:5)
  2 gnoll boudas
  3 iguanas
  Ijyb (D:4)
  8 orc wizards
  4 hell rats (Lair:1)
  8 gnolls
  12 adders
  A shadow imp (D:7)
  2 white imps
  3 ufetubi
  3 dart slugs
  46 orcs
  A bat (D:1)
  17 endoplasms
  4 giant cockroaches
  9 goblins
  8 hobgoblins
  10 jackals
  18 kobolds
  4 quokkas
  3 ball pythons
  5 rats
  A butterfly (D:7)
625 creatures vanquished.

Vanquished Creatures (collateral kills)
  An acid blob (Slime:5)
  2 quicksilver oozes
  5 two-headed ogres
  2 cyclopes
  2 ugly things (D:14)
  An efreet (D:15)
  A freezing wraith (D:15)
  A troll (D:12)
  4 slime creatures
  A wraith (D:9)
  3 yaks (D:10)
  A vampire mosquito (D:13)
  2 orc warriors
  2 ogres (D:15)
  2 centaurs (D:15)
  An orc priest (D:9)
  An orc (D:15)
32 creatures vanquished.

Vanquished Creatures (others)
  A vault guard (D:13)
  An ogre mage (D:15)
  A torpor snail (Lair:5)
  A human (D:13)
  A giant cockroach (D:1)
5 creatures vanquished.

Grand Total: 662 creatures vanquished

Notes
Turn   | Place    | Note
-------+----------+-------------------------------------------
     0 | D:1      | lonewolfV2 the Demonspawn Fighter began the quest for the
                  | Orb.
     0 | D:1      | Reached XP level 1. HP: 18/18 MP: 1/1
   207 | D:1      | Reached skill level 1 in Dodging
   219 | D:1      | Gained mutation: You are partially covered in large bone
                  | plates. (SH +4) [demonic ancestry]
   219 | D:1      | Reached XP level 2. HP: 16/24 MP: 2/2
   464 | D:1      | Reached XP level 3. HP: 29/29 MP: 3/3
  1070 | D:2      | Identified the +0 leather armour of the Slorg {rPois Int-4
                  | Dex+3 SInv}
  1239 | D:2      | Gained mutation: You have a small tail. [demonic ancestry]
  1239 | D:2      | Reached XP level 4. HP: 35/35 MP: 4/4
  1813 | D:3      | Found a stormy altar of Qazlal.
  1925 | D:3      | Became a worshipper of Qazlal Stormbringer
  1992 | D:3      | Found Ofaulitz's Assorted Antiques.
  2124 | D:3      | Found an ancient bone altar of Kikubaaqudgha.
  2495 | D:4      | Noticed Menkaure
  2504 | D:4      | Killed Menkaure
  2505 | D:4      | Reached XP level 5. HP: 26/41 MP: 4/6
  2600 | D:4      | Found a hazy altar of Hepliaklqana.
  2693 | D:4      | Noticed Ijyb
  2714 | D:4      | Killed Ijyb
  2717 | D:4      | Gained mutation: You regenerate magic rapidly. [demonic
                  | ancestry]
  2717 | D:4      | Reached XP level 6. HP: 29/47 MP: 7/7
  2849 | D:4      | Found an ornate altar of the Wu Jian Council.
  3185 | D:4      | Reached * piety under Qazlal
  3259 | D:4      | Identified the +2 cloak of Loss {rC+}
  3621 | D:5      | Entered Level 5 of the Dungeon
  3651 | D:5      | Found a broken altar of Ashenzari.
  4083 | D:5      | Noticed an ice beast
  4092 | D:5      | Killed an ice beast
  4093 | D:5      | Reached XP level 7. HP: 45/52 MP: 8/10
  4199 | D:5      | Reached skill level 5 in Armour
  4205 | D:5      | Reached ** piety under Qazlal
  4265 | D:5      | Noticed Eustachio
  4279 | D:5      | Reached skill level 5 in Dodging
  4279 | D:5      | Reached skill level 5 in Invocations
  4301 | D:5      | Killed Eustachio
  4433 | D:6      | Noticed Pikel
  4434 | D:6      | Killed Pikel
  4435 | D:6      | Reached XP level 8. HP: 58/58 MP: 11/13
  4615 | D:6      | Gained mutation: A weak demonic guardian rushes to your
                  | aid. [demonic ancestry]
  4615 | D:6      | Reached XP level 9. HP: 39/60 MP: 14/14
  4907 | D:6      | Found a staircase to the Ecumenical Temple.
  5070 | D:6      | Reached *** piety under Qazlal
  5416 | D:7      | Found a shimmering altar of Xom.
  5649 | D:7      | Identified a ring "Luint" {Fly rF- Int+4 Stlth+}
  5676 | D:7      | Reached skill level 2 in Axes
  5686 | D:7      | Found a sacrificial altar of Ru.
  5692 | D:7      | Found a shimmering blue altar of Sif Muna.
  5940 | D:7      | Found a snail-covered altar of Cheibriados.
  6318 | D:8      | Found a large runed translucent door.
  6433 | D:8      | Found a sparkling altar of Nemelex Xobeh.
  6521 | D:8      | Reached skill level 3 in Axes
  6555 | D:8      | Reached skill level 5 in Fighting
  6555 | D:8      | Reached skill level 4 in Axes
  6713 | D:8      | Found Yprucicw's Jewellery Emporium.
  6721 | D:8      | Bought the ring of Iddonkeph {Fly rElec Str+6 Int-4 Stlth-}
                  | for 423 gold pieces
  6732 | D:8      | Gained mutation: When hurt, damage is shared between your
                  | health and your magic reserves. [demonic ancestry]
  6732 | D:8      | Reached XP level 10. HP: 65/75 MP: 15/15
  6736 | D:8      | Reached skill level 5 in Axes
  6986 | D:8      | Found a large runed translucent door.
  6987 | D:8      | Noticed fag's ghost (novice DECj)
  7234 | D:8      | Reached **** piety under Qazlal
  7345 | D:9      | Reached skill level 6 in Axes
  7898 | D:10     | Entered Level 10 of the Dungeon
  7898 | D:10     | Found Lahippy's Self-Improvement Boutique.
  8184 | D:10     | Reached skill level 7 in Axes
  8196 | D:10     | Noticed Maggie
  8203 | D:10     | Killed Maggie
  8355 | D:10     | Noticed a seven-headed hydra
  8364 | D:10     | Found a hide-covered altar of Uskayaw.
  8369 | D:10     | Killed a nine-headed hydra
  8370 | D:10     | Gained mutation: You are mostly covered in large bone
                  | plates. (SH +6) [demonic ancestry]
  8370 | D:10     | Reached XP level 11. HP: 42/87 MP: 5/16
  8893 | D:10     | Noticed a two-headed ogre
  8896 | D:10     | Killed a two-headed ogre
  8932 | D:11     | Noticed a two-headed ogre
  8948 | D:10     | Killed a two-headed ogre
  9224 | D:11     | Noticed a deep elf pyromancer
  9457 | D:11     | Killed a deep elf pyromancer
  9460 | D:11     | Noticed a tengu warrior
  9462 | D:11     | Killed a tengu warrior
  9499 | D:11     | Noticed a tengu warrior
  9515 | D:11     | Killed a tengu warrior
  9933 | D:11     | Noticed a centaur warrior
  9940 | D:11     | Killed a centaur warrior
 10305 | D:11     | Identified the +8 war axe "Qeiforghu" {drain, MP+9}
 10409 | D:11     | Noticed a two-headed ogre
 10422 | D:11     | Killed a two-headed ogre
 10679 | D:11     | Noticed a centaur warrior
 10690 | D:11     | Reached XP level 12. HP: 56/94 MP: 11/17
 10696 | D:11     | Killed a centaur warrior
 10697 | D:11     | Reached skill level 10 in Armour
 11011 | D:11     | Identified the staff of conjuration "Wobesyr" {rPois rC+
                  | Int+5}
 11103 | D:11     | Found a staircase to the Lair.
 11108 | D:11     | Reached skill level 10 in Dodging
 11368 | D:12     | Noticed an ogre mage
 11369 | D:12     | Noticed a two-headed ogre
 11372 | D:12     | Noticed a two-headed ogre
 11376 | D:12     | Noticed a two-headed ogre
 11378 | D:12     | Noticed a two-headed ogre
 11383 | D:12     | Killed a two-headed ogre
 11386 | D:12     | Killed a two-headed ogre
 11387 | D:12     | Killed a two-headed ogre
 11390 | D:12     | Paralysed by something for 2 turns
 11394 | D:12     | Killed a two-headed ogre
 11399 | D:12     | Paralysed by something for 4 turns
 11410 | D:12     | Killed an ogre mage
 12121 | D:12     | Found a staircase to the Orcish Mines.
 12408 | D:13     | Reached skill level 8 in Axes
 12446 | D:13     | Noticed a centaur warrior
 12454 | D:13     | Killed a centaur warrior
 12515 | D:13     | Noticed a centaur warrior
 12531 | D:13     | Killed a centaur warrior
 12688 | D:13     | Noticed a centaur warrior
 12692 | D:13     | Killed a vault guard
 12699 | D:13     | Killed a centaur warrior
 12785 | D:13     | Reached skill level 10 in Fighting
 12846 | D:13     | Gained mutation: You are completely covered in large bone
                  | plates. (SH +8) [demonic ancestry]
 12846 | D:13     | Reached XP level 13. HP: 103/103 MP: 18/18
 12920 | D:13     | Reached skill level 9 in Axes
 13348 | D:13     | Found a gate to the Vaults.
 13363 | D:13     | Identified the +7 great mace of Wrongful Imprisonment
                  | {freeze, Int+4}
 13838 | D:14     | Paralysed by a floating eye for 2 turns
 13841 | D:14     | Paralysed by a floating eye for 3 turns
 13848 | D:14     | Paralysed by a floating eye for 3 turns
 13854 | D:14     | Paralysed by a floating eye for 4 turns
 14423 | D:14     | Reached skill level 10 in Axes
 15589 | D:14     | Reached skill level 11 in Axes
 15592 | D:14     | Reached ***** piety under Qazlal
 15808 | D:15     | Entered Level 15 of the Dungeon
 15815 | D:15     | Noticed a jiangshi
 16581 | D:15     | Gained mutation: You are robust. (+10% HP) [demonic
                  | ancestry]
 16581 | D:15     | Reached XP level 14. HP: 92/127 MP: 17/20
 16592 | D:14     | HP: 1/119 [something/bolt of negative energy (32)]
 17381 | D:15     | Found a staircase to the Depths.
 17449 | D:15     | Found Raodoter's One-of-a-Kind Rings.
 18025 | D:15     | Reached skill level 12 in Axes
 18028 | D:15     | Reached skill level 10 in Invocations
 18690 | Lair:1   | Entered Level 1 of the Lair of Beasts
 19528 | Lair:2   | Noticed Sonja
 19561 | Lair:2   | Killed Sonja
 20597 | Lair:3   | Found a hole to the Spider Nest.
 20766 | Lair:3   | Reached skill level 5 in Shields
 20773 | Lair:3   | Noticed Urug
 20783 | Lair:3   | Killed Urug
 21207 | Lair:3   | Found a staircase to the Shoals.
 21687 | Lair:4   | Gained mutation: You have a tail ending in a sharp stinger.
                  | [demonic ancestry]
 21687 | Lair:4   | Reached XP level 15. HP: 117/136 MP: 23/23
 21687 | Lair:4   | Reached ****** piety under Qazlal
 21693 | Lair:4   | Reached skill level 13 in Axes
 22533 | Lair:5   | Entered Level 5 of the Lair of Beasts
 23196 | Lair:5   | Noticed Snorg
 23207 | Lair:5   | Killed Snorg
 23246 | Lair:5   | Reached skill level 14 in Axes
 23633 | Lair:5   | Got the Monograph on the Virous Retinue
 23640 | Lair:5   | Identified the +1 trident of Valiance {drain, *Rage rElec
                  | Int+5 Stlth+}
 23688 | Lair:5   | Found a viscous altar of Jiyva.
 23688 | Lair:5   | Found a staircase to the Slime Pits.
 24172 | Slime:1  | Entered Level 1 of the Pits of Slime
 24172 | Slime:1  | Noticed a rockslime
 24182 | Slime:1  | Killed a rockslime
 24188 | Slime:1  | Noticed an acid blob
 24226 | Slime:1  | Noticed a rockslime
 24227 | Slime:1  | Gained mutation: You occasionally lose the ability to drink
                  | potions when taking damage. [a shining eye]
 24236 | Slime:1  | Killed a rockslime
 24239 | Slime:1  | Killed an acid blob
 24539 | Slime:1  | Noticed an azure jelly
 24551 | Slime:1  | Killed an azure jelly
 24564 | Slime:1  | Noticed an acid blob
 24572 | Slime:1  | Noticed an acid blob
 24575 | Slime:1  | Killed an acid blob
 24894 | Slime:1  | Killed an acid blob
 24941 | Slime:1  | Noticed a rockslime
 24949 | Slime:1  | Killed a rockslime
 24950 | Slime:1  | Gained mutation: When low on magic, you restore magic in
                  | place of health. [demonic ancestry]
 24950 | Slime:1  | Reached XP level 16. HP: 140/144 MP: 26/26
 25866 | Slime:2  | Noticed an acid blob
 25868 | Slime:2  | Paralysed by a great orb of eyes for 2 turns
 25870 | Slime:2  | Noticed an acid blob
 25874 | Slime:2  | Killed an acid blob
 25883 | Slime:2  | Killed an acid blob
 26065 | Slime:3  | Noticed an acid blob
 26075 | Slime:3  | Paralysed by a great orb of eyes for 4 turns
 26087 | Slime:2  | Killed an acid blob
 26637 | Slime:3  | Noticed an acid blob
 26649 | Slime:2  | Killed an acid blob
 28340 | Slime:5  | Entered Level 5 of the Pits of Slime
 28340 | Slime:5  | Noticed an acid blob
 28343 | Slime:5  | Noticed an acid blob
 28347 | Slime:5  | Killed an acid blob
 28354 | Slime:5  | Noticed an acid blob
 28354 | Slime:5  | Killed an acid blob
 28354 | Slime:5  | Noticed an acid blob
 28547 | Slime:5  | Killed an acid blob
 28547 | Slime:5  | Killed an acid blob
 28775 | Slime:5  | Reached skill level 10 in Shields
 28826 | Slime:5  | Noticed an acid blob
 28826 | Slime:5  | Noticed the Royal Jelly
 28838 | Slime:5  | Noticed an acid blob
 28838 | Slime:5  | Noticed an acid blob
 28839 | Slime:5  | Noticed an acid blob
 29172 | Slime:5  | Noticed an acid blob
 29508 | Slime:4  | Killed an acid blob
 30185 | Slime:5  | Noticed an acid blob
 30192 | Slime:5  | Noticed an acid blob
 30195 | Slime:5  | Noticed an acid blob
 30202 | Slime:5  | Gained mutation: Your spells are a little easier to cast,
                  | but a little less powerful. [a shining eye]
 30216 | Slime:5  | Found a viscous altar of Jiyva.
 30226 | Slime:5  | HP: 7/144 [rockslime[the Royal Jelly] (3)]
 30227 | Slime:5  | HP: 3/144 [rockslime[the Royal Jelly] (4)]
 30230 | Slime:5  | Noticed an acid blob
 30230 | Slime:5  | Noticed an acid blob
 30231 | Slime:5  | Gained mutation: You sometimes lose the ability to drink
                  | potions when taking damage. [a shining eye]
 30232 | Slime:5  | HP: 1/144 [acid blob/splash of acid (2)]
 30233 | Slime:5  | Killed from afar by an acid blob

Illustrated notes

Levels and vault maps discovered:
D:1:      tarquinn_simple_flora_water_e, layout_basic, corexii_hall_statues_i,
          minmay_fountain_box
D:2:      layout_rooms
D:3:      layout_loops_ring, nicolae_qazlal_eye_of_the_storm,
          mainiacjoe_overflow_six_doors_small, serial_shops, nicolae_square_shop
D:4:      cheibrodos_barr_body, layout_basic, nicolae_elyvilon_temple_path,
          lemuel_crystal_altar, kennysheep_mini_moat, uniq_menkaure, uniq_ijyb
D:5:      layout_basic, nicolae_ashenzari_panopticon, uniq_eustachio
D:6:      layout_basic, minmay_temple_entry_glassed_door, uniq_pikel
D:7:      layout_loops_ring, kennysheep_little_box, xom_butterflies,
          nicolae_overflow_squiral, dreamdust_wishing_well
D:8:      layout_basic, mainiacjoe_overflow_concentric_impassable,
          ebering_ghost_disaster_area, serial_shops, shop
D:9:      layout_cave_pools
D:10:     layout_irregular_city, nicolae_uskayaw_murder_on_the_dancefloor,
          nicolae_shop_self_help, uniq_maggie
D:11:     minmay_the_grid_four_pointed_star_mashed
          [minmay_the_grid_triangle_9x9_corrupted_corridor,
          minmay_the_grid_triangle_9x9_shrine,
          minmay_the_grid_triangle_9x9_sparse_checkered,
          minmay_the_grid_triangle_9x9_checkered,
          minmay_the_grid_prize_shrinking_boxes], layout_cave_pools,
          grunt_lair_entry_orc_guard_hut, minmay_misc_feat_rows,
          minmay_fractal_squares_gapless_5
D:12:     layout_loops_cross, orc_0_dummy, nrook_loot_triangle
D:13:     layout_basic, ximxim_vaults_locker_room
D:14:     layout_loops_ring, grunt_decor_mini_mirrors
D:15:     gammafunk_depths_entry_grave, layout_gridville,
          gauntlet_entry_generic, st_stairs_12, nicolae_shop_unique_rings
Lair:1:   layout_hall_layers, serial_bayou_shore_b, grunt_megastairs_2
Lair:2:   layout_small_grid, pdpol_lair_cavern_descent, uniq_sonja
Lair:3:   layout_concentric_octagons, minmay_shoals_entry_beasts,
          spider_nest_entry_a, st_stairs_7, grunt_megastairs_1, uniq_urug
Lair:4:   layout_gridlike, infiniplex_staircase_pool
Lair:5:   gammafunk_lair_ancient_temple, layout_regular_city, slime_entry_1,
          lemuel_fruit_fields, uniq_snorg
Slime:1:  cheibrodos_slime_lost_civilization_1, layout_caves,
          cheibrodos_slime_lost_civilization_7
Slime:2:  cheibrodos_slime_lost_civilization_9, layout_caves
Slime:3:  layout_caves, nicolae_slime_welcoming_committee
Slime:4:  cheibrodos_slime_lost_civilization_3, layout_caves
Slime:5

Skill      XL: |  1  2  3  4  5  6  7  8  9 10 11 12 13 14 15 16 |
---------------+-------------------------------------------------+-----
Dodging        | 1 2 3 4 5 6 7 9 11 12 | 12.6
Armour         | 3 4 6 7 9 11 12 | 12.7
Invocations    | 2 4 6 7 8 11 13 | 13.6
Axes           | 4 7 8 11 12 14 | 14.0
Fighting       | 5 8 10 12 13 | 13.2
Shields        | 5 8 10 | 10.1

Action                     |  1- 3 |  4- 6 |  7- 9 | 10-12 | 13-15 | 16-18 || total
---------------------------+-------+-------+-------+-------+-------+-------++-------
  Melee: War axe           |    93 |   199 |   317 |   275 |   717 |   205 ||  1806
         Tailslap          |       |    27 |    43 |    31 |   133 |    43 ||   277
 Invoke: Elemental Force   |       |       |       |     4 |     2 |     5 ||    11
         Upheaval          |       |       |       |     2 |     3 |     2 ||     7
         Disaster Area     |       |       |       |       |       |     1 ||     1
  Evoke: Wand              |       |       |       |     2 |       |     8 ||    10
         Lightning rod     |       |       |       |       |       |     3 ||     3
    Use: Scroll            |     3 |     5 |     8 |     8 |     7 |     9 ||    40
         Potion            |       |     4 |     2 |       |     7 |     9 ||    22
   Stab: Fleeing           |       |       |       |     1 |       |       ||     1
         Distracted        |       |       |       |       |     1 |       ||     1
         Paralysed         |       |       |       |       |       |     6 ||     6
 Armour: Scale mail        |    50 |    94 |   193 |     6 |       |       ||   343
         Chain mail        |       |       |       |   308 |   180 |       ||   488
         Plate armour      |       |       |       |       |   211 |   172 ||   383
  Dodge: Dodged            |    58 |    91 |   203 |   235 |   264 |    91 ||   942
         Repelled          |       |       |       |     4 |     8 |     6 ||    18
  Block: Buckler           |    54 |   125 |   295 |   210 |       |       ||   684
         Kite shield       |       |       |       |   333 |  1194 |   347 ||  1874
         Reflection        |       |       |       |       |       |     4 ||     4
